 Dungeon Crawl Stone Soup version 0.31-a0-604-g8e0283293c (webtiles) character file.

Game seed: 791334847782278137

43 Dirtsage the Changeling (level 3, -1/23 HPs)
             Began as an Octopode Shapeshifter on Aug 21, 2023.
             Slain by a goblin
             ... wielding a +0 dagger
             ... led by Robin
              (2 damage)
             ... on level 1 of the Dungeon.
             The game lasted 00:01:57 (924 turns).

Dirtsage the Changeling (Octopode Shapeshifter)      Turns: 924, Time: 00:01:57

Health: -1/23      AC:  1    Str: 14    XL:     3   Next: 58%
Magic:  3/3        EV: 13    Int: 18    God:
Gold:   50         SH:  5    Dex: 12    Spells: 2/2 levels left

rFire   . .          .
                       - Unarmed
rCold   . . .        (no shield)
rNeg    . . .        (helmet currently unavailable)
rPois   .            h - amulet of reflection
rElec   .            e - +6 ring of intelligence
rCorr   .            (no ring)
SInv    .            (no ring)
Will    .....        (no ring)
Stlth   ++           (no ring)
HPRegen 0.23/turn    (no ring)
MPRegen 0.08/turn    (no ring)
                     (no ring)

%: reflection
@: beast-form
A: beast (slay +2), almost no armour, amphibious, 8 rings, camouflage 1,
gelatinous body 1, (nimble swimmer 1), tentacles
a: Begin Untransformation


You were on level 1 of the Dungeon.
You were a hulking beast.
You visited 1 branch of the dungeon, and saw 2 of its levels.

You collected 50 gold pieces.

Inventory:

Jewellery
 e - a +6 ring of intelligence (left tentacle)
 h - an amulet of reflection (around mantle)
 i - an amulet of magic regeneration
Talismans
 b - a beast talisman (active)
 c - a flux talisman
Scrolls
 d - a scroll of amnesia {unknown}
 f - a scroll of teleportation {unknown}
Potions
 a - 2 potions of lignification
 g - a potion of might {unknown}


   Skills:
 - Level 1.0 Fighting
 - Level 2.0 Dodging
 - Level 3.0 Unarmed Combat
 + Level 4.1 Shapeshifting


You had 2 spell levels left.
You didn't know any spells.
Your spell library contained the following spells:

 Spells                   Type           Power      Damage    Failure   Level
 Inner Flame              Hex/Fire       0%         N/A       54%         3
 Flame Wave               Conj/Fire      0%         2d4       91%         4
 Sticky Flame             Conj/Fire      0%         2d3       91%         4


Dungeon Overview and Level Annotations

Branches:
Dungeon (2/15)

Altars:

Annotations:
D:2 Robin


Innate Abilities, Weirdness & Mutations

You are a hulking beast.
Your limbs bulge with bestial killing power. (Slay +2)
You cannot wear most types of armour.
You are amphibious.
You can wear up to eight rings at the same time.
Your skin changes colour to match your surroundings (Stealth+).
Your rubbery body absorbs attacks. (AC +1, EV +1)
((You are camouflaged when in or above water. (Stealth+)))
You have tentacles for arms and can constrict up to eight enemies at once.


Message History

* * * LOW HITPOINT WARNING * * *
You take 9 damage, and have 6/23 hp.
MASSIVE DAMAGE!!
The goblin unwields a +0 club.
The goblin wields a +0 sling.
The goblin shoots a sling bullet.
You block the sling bullet with an invisible shield... and reflect it back!
The sling bullet misses the goblin.
The goblin shouts!
The goblin shoots a sling bullet.
You block the sling bullet with an invisible shield... and reflect it back!
The sling bullet hits the goblin.
You kill the goblin!
A giant cockroach comes into view.
The goblin attacks as it pursues you! You block the goblin's attack.
The goblin attacks as it pursues you! The goblin barely misses you.
The giant cockroach bites you but does no damage.
You see here a +0 ring mail.
You tentacle-slap the giant cockroach. Your grab misses the giant cockroach.
You squeeze the giant cockroach.
You kill the giant cockroach!
The goblin barely misses you.
You see here a giant cockroach corpse.
The goblin attacks as it pursues you! The goblin closely misses you.
Robin roars a battlecry!
The goblin attacks as it pursues you! The goblin misses you.
Robin throws the goblin at you! The goblin closely misses you.
The goblin attacks as it pursues you! The goblin hits you with a +0 club.
You take 1 damage, and have 7/23 hp.
The goblin hits you with a +0 dagger.
* * * LOW HITPOINT WARNING * * *
You take 1 damage, and have 6/23 hp.
The goblin no longer looks unusually strong.
There is a stone staircase leading up here.
The goblin hits you with a +0 dagger.
* * * LOW HITPOINT WARNING * * *
You climb upwards.
There is a stone staircase leading down here.
You take 5 damage, and have 1/23 hp.
MASSIVE DAMAGE!!
You closely miss the goblin. You grab the goblin. You constrict the goblin.
The goblin hits you with a +0 dagger.
You die...

#.# #.##......#.#.###.### #.#
#.##.####.#...# #.... #.#######
#.##.# #.##### ##### #.......#
#.##.# #.# ########.# #.##.# #.#
.# #.# #....# #.# .# #.# ######
#.# ### .#######.######### #.#
#.. ................h# #.### #.#
.###.......#####g# #...# #.# ##
#.......# #.######.# #.#
#.......#####.....##.# #.#
#.................##.# #.#
#.......#####.....##.# #.#
############........##.#######.#
##∩##∩∩##.###.##................#
...........∩#.##.######.#########


You could see a goblin (strong).

Vanquished Creatures
  A dart slug (D:1)
  4 ball pythons
  2 bats (D:2)
  4 giant cockroaches
  5 goblins
  3 hobgoblins
  8 jackals (D:1)
  2 frilled lizards (D:1)
  2 kobolds (D:2)
  2 rats (D:1)
33 creatures vanquished.

Notes
Turn   | Place    | Note
-------+----------+-------------------------------------------
     0 | D:1      | Dirtsage the Octopode Shapeshifter began the quest for the
                  | Orb.
     0 | D:1      | Reached XP level 1. HP: 13/13 MP: 1/1
   175 | D:1      | Reached XP level 2. HP: 16/18 MP: 2/2
   589 | D:1      | Reached XP level 3. HP: 21/23 MP: 3/3
   880 | D:2      | Reached skill level 4 in Shapeshifting
   897 | D:2      | Noticed Robin
   922 | D:2      | HP: 1/23 [goblin/+0 dagger[Robin] (6)]
   924 | D:1      | Slain by a goblin

Illustrated notes

Levels and vault maps discovered:
D:1:      amcnicky_arrival_abandoned_market, layout_basic, minmay_heptomino_d4
D:2:      layout_basic, grunt_ministairs_8, eino_tiny_chamber,
          corexii_leaking_fountain, uniq_robin

Skill      XL: |  1  2  3 |
---------------+----------+-----
Shapeshifting  | 4 |  4.1
Fighting       | |  1.0
Dodging        | |  2.0
Unarmed Combat | |  3.0

Action                     || total
---------------------------++-------
  Melee: Unarmed           ||    55
         Constrict         ||    20
         Tentacles         ||     9
         Punch             ||     1
   Stab: Sleeping          ||     5
 Armour: Skin              ||     1
  Dodge: Dodged            ||    45
  Block: Other             ||    12
         Reflection        ||     2

Table legend: (Time is in decaauts)
 A = Elapsed time spent in this place.
 B = Non-inter-level travel time spent in this place.
 C = Inter-level travel time spent in this place.
 D = Time resting spent in this place.
 E = Time spent auto-exploring this place.
 F = Levels seen in this place.
 G = Mean time per level.
                   A        B        C        D        E       F      G
               +--------+--------+--------+--------+--------+-----+--------+
         Total |    920 |    869 |     51 |      0 |    718 |   2 |  460.0 |
       Dungeon |    920 |    869 |     51 |      0 |    718 |   2 |  460.0 |
               +--------+--------+--------+--------+--------+-----+--------+

Top non-repeatable levels by time:
     D:1: 792 daAuts
     D:2: 127 daAuts
